 Dungeon Crawl Stone Soup version 0.28-a0-1387-g3a22ab9bdc (webtiles) character file.

Game seed: 2480437549278595480

27 HallandMoats the Skirmisher (level 2, -3/24 HPs)
             Began as a Demonspawn Fighter on Jan 2, 2022.
             Slain by a gnoll (5 damage)
             ... on level 2 of the Dungeon.
             The game lasted 00:01:34 (714 turns).

HallandMoats the Skirmisher (Demonspawn Fighter)     Turns: 714, Time: 00:01:35

Health: -3/24      AC:  6    Str: 16    XL:     2   Next: 93%
Magic:  2/2        EV:  9    Int:  9    God:
Gold:   29         SH:  4    Dex: 12    Spells: 1/1 levels left

rFire   . . .      SeeInvis .   a - +0 war axe
rCold   . . .      Faith    .   c - +0 buckler
rNeg    . . .      Spirit   .   b - +0 scale mail
rPois   .          Reflect  .   (no helmet)
rElec   .          Harm     .   (no cloak)
rCorr   .          Rampage  .   (no gloves)
Will    .....                   (no boots)
Stlth   ..........              (no amulet)
HPRegen 0.08/turn               (no ring)
MPRegen 0.08/turn               (no ring)

@: mighty
A: powered by death 1
a: no special abilities


You were on level 2 of the Dungeon.
You visited 1 branch of the dungeon, and saw 2 of its levels.

You collected 29 gold pieces.

Inventory:

Hand Weapons
 a - a +0 war axe (weapon)
Armour
 b - a +0 scale mail (worn)
 c - a +0 buckler (worn)
Scrolls
 f - a scroll of vulnerability {unknown}
Potions
 e - a potion of haste {unknown}
 h - a potion of berserk rage {unknown}


   Skills:
 + Level 3.6 Fighting
 + Level 2.4 Axes
 - Level 2.6 Armour
 + Level 0.1 Dodging
 + Level 0.1 Stealth
 - Level 2.6 Shields


You had one spell level left.
You didn't know any spells.
Your spell library contained the following spells:

 Spells                   Type           Power      Damage    Failure   Level
 Blink                    Tloc           0%         N/A       95%         2
 Manifold Assault         Tloc           0%         N/A       100%        5
 Storm Form               Tmut/Air       0%         N/A       100%        7
 Borgnjor's Revivificati  Necr           0%         N/A       100%        8
 Necromutation            Tmut/Necr      0%         N/A       100%        8
 Death's Door             Necr           0%         N/A       100%        9


Dungeon Overview and Level Annotations

Branches:
Dungeon (2/15)

Altars:


Innate Abilities, Weirdness & Mutations

You regenerate a little health from kills.


Message History

The bat is moderately wounded.
The bat barely misses you. The bat closely misses you.
The bat hits you but does no damage. x2
A gnoll comes into view. It is wielding a +0 club.
Found 12 gold pieces.
The gnoll shouts!
The bat barely misses you. The bat closely misses you.
The bat hits you but does no damage.
You hit the bat.
You kill the bat!
You hit the bat.
You kill the bat!
The gnoll throws a throwing net.
The throwing net barely misses you.
A gnoll comes into view. It is wielding a +0 whip.
The gnoll shouts!
A gnoll comes into view. It is wielding a +0 whip.
You see here a bat corpse.
A gnoll comes into view. It is wielding a +0 spear.
Found a leather armour.
The gnoll shouts! x2
The gnoll throws a throwing net.
The throwing net hits you.
You become entangled in the net!
You see here a throwing net.
You tear a large gash into the net.
You feel very mighty all of a sudden.
You struggle against the net.
The gnoll hits you with a +0 club.
You rip the net and break free!
The gnoll hits you with a +0 whip. The gnoll closely misses you.
You slice the gnoll!!
You kill the gnoll!
You closely miss the gnoll. The gnoll hits you with a +0 whip!
The gnoll hits you from afar with a +0 spear.
You slash the gnoll!
The gnoll is almost dead.
You barely miss the gnoll. The gnoll misses you. The gnoll closely misses you.
The gnoll hits you with a +0 whip!
* * * LOW HITPOINT WARNING * * *
Found a stone staircase leading up and a stone staircase leading down.
The gnoll hits you with a +0 whip.
You die...

#...........#
#...........#
#.........<.#
#...........#
##.........#####
...........#...#
#.####....#.8.#
#....."####g..###.<
#.##>#.(.†.@g......
#.#...⌠g......[#
.............$..#
#.....####.......#
#.....# #........
#.....# #........
#.....# .........
###### >.###...#


You could see 3 gnolls.

Vanquished Creatures
  A gnoll (D:2)
  A dart slug (D:1)
  3 bats
  An endoplasm (D:1)
  A goblin (D:1)
  3 hobgoblins (D:1)
  2 quokkas (D:1)
  A kobold (D:1)
  A rat (D:1)
14 creatures vanquished.

Notes
Turn   | Place    | Note
-------+----------+-------------------------------------------
     0 | D:1      | HallandMoats the Demonspawn Fighter began the quest for the
                  | Orb.
     0 | D:1      | Reached XP level 1. HP: 18/18 MP: 1/1
   264 | D:1      | Found a faded altar of an unknown god.
   282 | D:1      | Gained mutation: You regenerate a little health from kills.
                  | [demonic ancestry]
   282 | D:1      | Reached XP level 2. HP: 17/24 MP: 2/2
   713 | D:2      | HP: 1/24 [gnoll (7)]
   714 | D:2      | Slain by a gnoll

Illustrated notes

Levels and vault maps discovered:
D:1:      ebering_hopf_link, layout_rooms,
          shapermc_ecumenical_altar_starsandcircs, lemuel_old_faithful
D:2:      layout_loops_cross, nicolae_elevator_lobby_asterisk

Skill      XL: |  1 |
---------------+----+-----
Axes           | 2 |  2.4
Fighting       | |  3.6
Armour         | |  2.6
Dodging        | |  0.1
Stealth        | |  0.1
Shields        | |  2.6

Action                   || total
-------------------------++-------
Melee: War axe           ||    39
  Use: Potion            ||     1
Armor: Scale mail        ||    30
Dodge: Dodged            ||    23
Block: Buckler           ||     6

Table legend: (Time is in decaauts)
 A = Elapsed time spent in this place.
 B = Non-inter-level travel time spent in this place.
 C = Inter-level travel time spent in this place.
 D = Time resting spent in this place.
 E = Time spent auto-exploring this place.
 F = Levels seen in this place.
 G = Mean time per level.
                   A        B        C        D        E       F      G
               +--------+--------+--------+--------+--------+-----+--------+
         Total |    730 |    730 |      0 |    216 |    346 |   2 |  365.0 |
       Dungeon |    730 |    730 |      0 |    216 |    346 |   2 |  365.0 |
               +--------+--------+--------+--------+--------+-----+--------+

Top non-repeatable levels by time:
     D:1: 702 daAuts
     D:2: 28 daAuts
